Map: [ESL] Royal Blood

Players

IGXY (XY) - Winner!

  • Race: Terran Terran
  • Spawn Location: 1:00

Nice

  • Race: Protoss Protoss
  • Spawn Location: 7:00

Event: ESL SC2 Masters 2023 Summer (Regionals)

VOD

Have the link to the VOD?

Description

Time

  • Played on: May 7, 2023, 8 a.m.
  • Length: 9:53

All games in this series

Show
View Real Time Build Order
Export as new Build Order

IGXY Terran - Winner!

Build Orders:  

Get SALT Encoding   

  12  0:00  SCV  
  13  0:12  SCV  
  14  0:17  Supply Depot  
  14  0:24  SCV  
  15  0:38  SCV  
  15  0:40  Barracks  
  16  0:46  Refinery  
  16  0:50  SCV  
  16  0:54  Refinery  
  17  1:03  SCV  
  18  1:15  SCV  
  19  1:27  Orbital Command, Reaper  
  19  1:30  Supply Depot  
  20  1:45  Factory  
  20  1:53  SCV  
  21  2:04  Barracks Reactor  
  21  2:05  SCV  
  22  2:17  SCV  
  23  2:25  Command Center  
  23  2:29  SCV  
  24  2:34  Hellion  
  26  2:40  Reaper x2  
  26  2:41  SCV  
  29  2:46  Supply Depot  
  29  2:53  SCV  
  30  3:05  SCV  
  30  3:06  Starport  
  30  3:08  Hellion  
  33  3:18  Marine x2  
  33  3:19  SCV  
  36  3:29  Factory Tech Lab  
  36  3:30  Barracks  
  36  3:32  SCV  
  37  3:36  Marine x2  
  39  3:48  Siege Tank  
  39  3:50  SCV  
  39  3:51  Viking  
  45  4:01  Marine x2  
  45  4:03  Orbital Command  
  45  4:04  SCV  
  45  4:19  Marine x2  
  45  4:21  Viking, Siege Tank  
  52  4:32  Barracks  
  52  4:35  SCV x2  
  52  4:37  Marine  
  54  4:38  Marine  
  54  4:42  Marine, Supply Depot  
  54  4:54  Supply Depot  
  54  5:03  Marine x3  
  54  5:04  Viking, Siege Tank  
  62  5:09  Supply Depot  
  62  5:15  SCV  
  62  5:18  SCV, Supply Depot  
  64  5:21  Marine x3  
  64  5:26  Marine  
  64  5:28  SCV  
  69  5:36  Siege Tank  
  69  5:39  Marine x2  
  69  5:42  Bunker  
  74  5:43  Bunker  
  74  5:46  Marine x2  
  71  5:57  Marine x2  
  61  6:04  Marine x2  
  61  6:08  SCV, Siege Tank  
  61  6:09  SCV  
  63  6:15  Marine x2  
  61  6:20  SCV  
  61  6:22  Marine x2  
  61  6:23  SCV  
  61  6:33  Marine x2  
  61  6:39  Marine  
  62  6:40  Marine, Siege Tank  
  62  6:44  SCV  
  62  6:46  SCV  
  69  6:50  Marine x2  
  65  6:57  Marine  
  65  6:58  SCV  
  65  6:59  Engineering Bay  
  65  7:08  Marine  
  65  7:12  Bunker  
  65  7:15  Siege Tank  
  68  7:18  Viking  
  70  7:25  Marine  
  68  7:42  Missile Turret  
  68  7:44  Marine, Missile Turret  
  66  7:47  Marine  
  66  7:49  SCV x2, Siege Tank  
  72  7:56  Marine x2  
  74  7:58  Missile Turret  
  74  8:01  SCV  
  74  8:02  SCV, Marine  
  74  8:05  Marine  
  75  8:14  SCV x2, Marine  
  74  8:20  Marine  
  74  8:21  Siege Tank  
  74  8:23  Missile Turret  
  74  8:26  SCV x2  
  75  8:38  SCV x2  
  74  8:41  Marine  
  74  8:43  Marine x2  
  74  8:46  Barracks Tech Lab  
  73  8:50  SCV  
  73  8:53  Siege Tank  
  75  8:59  Marine  
  75  9:07  Marine, SCV x2  
  75  9:08  Marine  
  75  9:14  Barracks Tech Lab  
  75  9:15  Starport Reactor  
  72  9:17  Marine  
  72  9:24  SCV, Marine  
  72  9:26  Marine  
  72  9:30  Missile Turret  
  75  9:33  Marine  
  75  9:34  Missile Turret  
  75  9:35  Marine  
  75  9:36  SCV  
  84  9:47  Refinery  
  84  9:48  Refinery  
  82  9:51  Missile Turret  
Show
View Real Time Build Order
Export as new Build Order

Nice Protoss 

Build Orders: 1 Gate Expand, Oracle Opening 

Get SALT Encoding   

  12  0:00  Probe  
  13  0:12  Probe  
  14  0:19  Pylon  
  14  0:24  Probe  
  15  0:37  Probe (Chrono Boost)  
  15  0:41  Gateway  
  16  0:49  Probe (Chrono Boost)  
  17  0:52  Assimilator  
  17  0:54  Probe (Chrono Boost)  
  18  1:04  Probe  
  19  1:16  Probe  
  20  1:30  Cybernetics Core  
  20  1:37  Nexus  
  20  1:50  Pylon  
  20  1:52  Probe, Assimilator  
  21  2:05  Adept (Chrono Boost)  
  23  2:09  Shield Battery  
  23  2:10  Probe  
  24  2:22  Probe  
  24  2:25  Adept (Chrono Boost)  
  26  2:34  Probe  
  26  2:40  Stargate  
  26  2:43  Warp Gate  
  26  2:46  Probe  
  27  2:54  Probe  
  27  2:58  Probe, Adept  
  31  3:06  Probe  
  31  3:10  Probe  
  33  3:18  Probe, Shield Battery  
  32  3:20  Oracle (Chrono Boost)  
  32  3:22  Probe  
  36  3:30  Probe  
  37  3:34  Probe  
  37  3:36  Pylon  
  38  3:42  Probe  
  38  3:46  Probe  
  40  3:50  Oracle (Chrono Boost)  
  40  3:54  Probe  
  45  4:02  Probe  
  45  4:06  Pylon  
  45  4:07  Probe  
  46  4:12  Pylon  
  46  4:15  Probe  
  45  4:18  Phoenix (Chrono Boost)  
  45  4:20  Probe  
  46  4:24  Gateway  
  46  4:26  Gateway  
  46  4:27  Probe  
  47  4:41  Adept  
  47  4:42  Probe x2  
  51  4:46  Phoenix (Chrono Boost)  
  51  4:52  Nexus  
  53  4:54  Probe  
  53  4:56  Shield Battery  
  54  5:04  Zealot  
  56  5:08  Phoenix (Chrono Boost)  
  56  5:11  Probe x2  
  56  5:14  Twilight Council  
  60  5:16  Pylon  
  60  5:23  Adept x2  
  60  5:25  Adept  
  60  5:27  Phoenix (Chrono Boost)  
  66  5:31  Assimilator  
  66  5:36  Shield Battery  
  66  5:43  Phoenix  
  66  5:46  Zealot x3  
  74  5:51  Pylon  
  71  5:57  Probe x2  
  64  6:08  Phoenix (Chrono Boost)  
  59  6:12  Zealot, Stalker  
  59  6:13  Zealot  
  61  6:22  Probe x3  
  64  6:31  Phoenix (Chrono Boost)  
  64  6:34  Probe x2  
  64  6:35  Probe, Zealot x3  
  67  6:46  Probe x2  
  67  6:51  Probe  
  67  6:53  Phoenix (Chrono Boost)  
  66  6:56  Gateway, Stalker x2  
  66  6:57  Gateway  
  66  6:58  Probe, Stalker  
  66  6:59  Probe  
  74  7:22  Stalker  
  74  7:23  Stalker  
  74  7:33  Phoenix (Chrono Boost)  
  67  7:47  Stalker x2  
  70  7:59  Gateway  
  70  8:03  Cybernetics Core, Zealot x2  
  70  8:04  Phoenix, Gateway  
  72  8:17  Zealot x2  
  72  8:18  Pylon  
  72  8:19  Pylon  
  69  8:27  Probe, Phoenix (Chrono Boost), Zealot x2  
  69  8:28  Probe x2  
  70  8:41  Zealot x2  
  59  8:43  Phoenix (Chrono Boost)  
  59  8:49  Zealot x2  
  61  8:58  Zealot x2  
  61  8:59  Probe  
  62  9:05  Phoenix (Chrono Boost)  
  62  9:07  Zealot  
  60  9:17  Zealot x2  
  54  9:32  Stalker  
  54  9:34  Stalker  
  58  9:45  Zealot  
Tags
 
Add a new tag
Caveats
  • Supply blocks, unpowered buildings, or Contaminate may cause inaccurate times.
  • Supply counts are checked every 10 seconds.